 Dungeon Crawl Stone Soup version 0.30-a0-21-g5d08c37080 (webtiles) character file.

Game seed: 9423510012126032979

284767 jur the Sorcerer (level 19, -5/89 HPs)
             Began as a Deep Elf Earth Elementalist on Aug 24, 2022.
             Was a High Priest of Vehumet.
             Slain by a spriggan berserker
             ... wielding a +0 rapier
              (20 damage)
             ... while paralysed by a floating eye
             ... on level 3 of the Depths.
             The game lasted 05:16:30 (104774 turns).

jur the Sorcerer (Deep Elf Earth Elementalist)    Turns: 104774, Time: 05:16:31

Health: -5/89      AC: 15    Str:  5    XL:     19   Next: 79%
Magic:  57/57      EV:  2    Int: 40    God:    Vehumet [*****.]
Gold:   2855       SH:  0    Dex: 21    Spells: 6/63 levels left

rFire   + + +      SeeInvis .    l - +3 Elemental Staff {rElec rF++ rC++ AC+5}
rCold   + + +      Faith    .    Y - orb {light}
rNeg    . . .      Spirit   .    f - +2 robe {rC+ rF+}
rPois   +          Reflect  .    q - +3 hat of Pondering {ponderous, Will+ MP+10 Int+5}
rElec   +          Harm     .    m - scarf {repulsion}
rCorr   .          Rampage  .    (no gloves)
Will    ++...                    d - +2 pair of boots
Stlth   +.........               n - amulet of the Tarantula {Acrobat Fly Slay+3}
HPRegen 0.24/turn                Z - +6 ring of dexterity
MPRegen 0.35/turn                t - +6 ring of intelligence

@: paralysed, flying, glowing, repel missiles, slow
A: fire resistance 1, poison resistance, MP-powered wands
}: 2/15 runes: decaying, gossamer
a: Renounce Religion


You were on level 3 of the Depths.
You worshipped Vehumet.
Vehumet was extremely pleased with you.
You visited 8 branches of the dungeon, and saw 37 of its levels.
You also visited: Bailey.

You collected 4521 gold pieces.
You spent 1666 gold pieces at shops.

Inventory:

Hand Weapons
 h - a +9 vorpal sling
 l - the +3 Elemental Staff (weapon) {rElec rF++ rC++ AC+5}
   (You acquired it on level 1 of the Swamp)

   If the wielder is skilled in Evocations, they can discharge powerful blasts
   of elemental energy when striking with it.
   It enhances your fire, ice, earth and air magic.
   AC:        It affects your AC (+5).
   rF:        It greatly protects you from fire.
   rC:        It greatly protects you from cold.
   rElec:     It insulates you from electricity.
Armour
 d - a +2 pair of boots (worn)
 f - a +2 robe of resistance (worn)
 m - a scarf of repulsion (worn)
 q - the +3 hat of Pondering (worn) {ponderous, Will+ MP+10 Int+5}
   (You bought it in a shop on level 14 of the Dungeon)

   Int:       It affects your intelligence (+5).
   MP:        It affects your magic capacity (+10).
   Will:      It increases your willpower.
 s - a scarf of resistance
 w - +5 steam dragon scales
 E - a +2 helmet
 Y - an orb of light (worn)
Jewellery
 n - the amulet of the Tarantula (around neck) {Acrobat Fly Slay+3}
   (You bought it in a shop on level 5 of the Dungeon)

   [amulet of the acrobat]

   It increases your evasion while moving and waiting.
   Slay:      It affects your accuracy & damage with ranged weapons and melee
   (+3).
   Fly:       It grants you flight.
 t - a +6 ring of intelligence (right hand)
 Z - a +6 ring of dexterity (left hand)
Wands
 j - a wand of iceblast (17)
 u - a wand of mindburst (5)
 L - a wand of light (12)
Scrolls
 c - 5 scrolls of noise
 g - 18 scrolls of teleportation
 p - 8 scrolls of fear
 A - 3 scrolls of magic mapping
 G - 3 scrolls of blinking
 H - 2 scrolls of amnesia
 I - a scroll of torment
 K - 6 scrolls of poison
 N - 2 scrolls of butterflies
 O - 4 scrolls of vulnerability
 R - a scroll of enchant weapon
 S - 2 scrolls of summoning
 T - 2 scrolls of brand weapon
 V - 6 scrolls of immolation
Potions
 a - 4 potions of mutation
 b - 3 potions of attraction
 e - 5 potions of resistance
 i - 6 potions of brilliance
 k - 7 potions of lignification
 o - 4 potions of might
 r - 3 potions of invisibility
 v - 12 potions of curing
 x - 4 potions of flight
 z - 7 potions of haste
 D - 2 potions of heal wounds
 F - 5 potions of cancellation
 P - 5 potions of ambrosia
 Q - 3 potions of berserk rage
 W - a potion of magic
Miscellaneous
 y - a lightning rod (4/4)
 B - a condenser vane
 C - a tin of tremorstones (2/2)
 J - a phantom mirror
 M - a phial of floods
 X - a box of beasts


   Skills:
 - Level 14.4 Ranged Weapons
 + Level 14.8 Dodging
 - Level 2.4 Stealth
 * Level 22.6 Spellcasting
 * Level 19.2 Conjurations
 - Level 1.1 Transmutations
 + Level 16.2 Fire Magic
 * Level 18.3 Earth Magic


You had 6 spell levels left.
You knew the following spells:

 Your Spells              Type           Power      Damage    Failure   Level
a - Shatter               Erth           69%        3d51*     7%          9
b - Passwall              Tmut/Erth      92%        N/A       0%          2
d - Petrify               Tmut/Erth      100%       N/A       1%          4
e - Fireball              Conj/Fire      68%        3d26      0%          5
f - Starburst             Conj/Fire      68%        6d18      1%          6
g - Lehudib's Crystal Sp  Conj/Erth      69%        10d16     1%          8
i - Hailstorm             Conj/Ice       100%       3d20      1%          4
j - Iron Shot             Conj/Erth      69%        9d13      1%          6
k - Lee's Rapid Deconstr  Erth           69%        3d32*     0%          5
l - Ignition              Fire           66%        3d18      1%          8

Your spell library contained the following spells:

 Spells                   Type           Power      Damage    Failure   Level
 Maxwell's Capacitive Co  Air            30%        ∞         99%         8
 Sandblast                Erth           100%       2d20      0%          1
 Shock                    Conj/Air       100%       1d9       0%          1
 Conjure Flame            Conj/Fire      100%       6-21      0%          3
 Stone Arrow              Conj/Erth      100%       3d13      0%          3
 Flame Wave               Conj/Fire      100%       2d21      0%          4
 Sticky Flame             Conj/Fire      100%       2d11      0%          4
 Iskenderun's Battlesphe  Conj           100%       2d15      0%          5
 Apportation              Tloc           90%        N/A       1%          1
 Necrotise                Necr           100%       1d9       1%          1
 Sting                    Tmut/Pois      100%       1d8       1%          1
 Summon Small Mammal      Summ           100%       N/A       1%          1
 Ensorcelled Hibernation  Hex/Ice        100%       N/A       1%          2
 Sublimation of Blood     Necr           45%        N/A       1%          2
 Wereblood                Tmut           52%        N/A       1%          2
 Call Canine Familiar     Summ           45%        N/A       1%          3
 Frozen Ramparts          Ice            100%       1d16      1%          3
 Ignite Poison            Fire/Tmut/Pois 95%        N/A       1%          3
 Mephitic Cloud           Conj/Pois/Air  98%        N/A       1%          3
 Spider Form              Tmut/Pois      49%        N/A       1%          3
 Summon Guardian Golem    Hex/Summ       45%        N/A       1%          3
 Swiftness                Air            61%        N/A       1%          3
 Tukima's Dance           Hex            45%        N/A       1%          3
 Vampiric Draining        Necr           45%        2d9       1%          3
 Airstrike                Air            30%        2d(5-21)  1%          4
 Animate Armour           Summ/Erth      100%       N/A       1%          4
 Leda's Liquefaction      Hex/Erth       54%        N/A       1%          4
 Conjure Ball Lightning   Conj/Air       55%        3x3d20    1%          6
 Statue Form              Tmut/Erth      74%        N/A       1%          6
 Ice Form                 Ice/Tmut       65%        N/A       3%          4
 Yara's Violent Unravell  Hex/Tmut       24%        3d11      3%          5
 Anguish                  Hex/Necr       22%        N/A       4%          4
 Passage of Golubria      Tloc           45%        N/A       4%          4
 Summon Ice Beast         Ice/Summ       61%        N/A       4%          4
 Alistair's Intoxication  Tmut/Pois      32%        N/A       11%         5
 Agony                    Necr           45%        N/A       13%         5
 Dispersal                Tloc           22%        N/A       58%         6
 Spellforged Servitor     Conj/Summ      44%        N/A       2%          7
 Summon Hydra             Summ           22%        N/A       99%         7
 Discord                  Hex            22%        N/A       100%        8
 Disjunction              Tloc           22%        N/A       100%        8


Dungeon Overview and Level Annotations

Branches:
Dungeon (15/15)            Temple (1/1) D:5            Lair (5/5) D:9
  Swamp (4/4) Lair:3       Spider (4/4) Lair:2        Slime (0/5) Lair:4
    Orc (2/2) D:10            Elf (3/3) Orc:2        Vaults (0/5) D:14
 Depths (3/4) D:15         Bailey (visited)

Altars:
Ashenzari
Cheibriados
Dithmenos
Elyvilon
Fedhas
Gozag
Hepliaklqana
Makhleb
Nemelex Xobeh
Okawaru
Qazlal
Ru
Sif Muna
Trog
Uskayaw
Vehumet
Wu Jian
Xom
Yredelemnul
Zin
The Shining One

Shops:
D:5 =   D:9 [   D:14 *[   D:15 !   Orc:1 (   Orc:2 (:=(   Elf:1 :   Depths:1 *

Portals:
Hell: Depths:1 Depths:2
Pandemonium: Depths:2 Depths:3
Trove: D:14 (give +2 storm dragon scales)

Annotations:
D:6 2 transporters
Lair:2 3 runed translucent doors, jur's ghost, journeyman DEEE
Swamp:1 1 runed translucent door, Taxman66's ghost, journeyman TrFi
Swamp:3 2 transporters, manon's ghost, adept DsGl
Elf:1 1 runed translucent door, Ocaaf's ghost, adept DsIE
Elf:2 5 runed translucent doors


Innate Abilities, Weirdness & Mutations

Your flesh is heat resistant. (rF+)
Your system is resistant to poisons. (rPois)
You expend magic power (3 MP) to strengthen your wands.


Message History

Found 2 potions of lignification and a book of Ice.
Found a one-way gate leading to the halls of Pandemonium.
There is a stone staircase leading up here.
A spriggan berserker comes into view. It is wielding a +0 rapier.
Found 5 stones.
The spriggan berserker shouts!
A floating eye comes into view.
The floating eye turns its gaze towards you.
A spriggan berserker comes into view. It is wielding a +1 antimagic rapier.
You see here 2 potions of lignification.
The floating eye seems to glare at you.
The spriggan berserker utters an invocation to Trog.
The polar bear goes berserk!
There is a one-way gate leading to the halls of Pandemonium here.
The floating eye gazes piercingly through you!
You suddenly lose the ability to move!
The spriggan berserker mumbles some strange prayers to Trog.
The spriggan berserker goes berserk!
The spriggan berserker shouts!
The polar bear bites you!! The polar bear claws you. x2
The floating eye's stare focuses on you.
The spriggan berserker mumbles some strange prayers to Trog.
The polar bear goes berserk!
The polar bear bites you but does no damage.
The polar bear claws you.
The polar bear claws you but does no damage.
The spriggan berserker hits you with a +0 rapier!
The polar bear rages.
The polar bear bites you!!
* * * LOW HITPOINT WARNING * * *
The polar bear claws you but does no damage. x2
The spriggan berserker hits you with a +0 rapier.
* * * LOW HITPOINT WARNING * * *
The spriggan berserker invokes Trog's protection!
The polar bear bites you but does no damage.
The polar bear claws you but does no damage.
The polar bear claws you.
* * * LOW HITPOINT WARNING * * *
The spriggan berserker hits you with a +0 rapier!!
You die...

.########
.........#
.........#
.........#
.........#
.........#
........@#######
......Ghi.......
........∩.......
.......!........
................
..i.h........###
...:.....#####
i.......#.
........#..


You could see 2 spriggan berserkers, 2 polar bears and a floating eye (charged).

Vanquished Creatures
  A dread lich (Depths:2)
  Nikola (Swamp:4)
  Arachne (Spider:2)
  Zenata (Elf:2)
  2 deep elf blademasters (Elf:3)
  Mlioglotl (Swamp:1)
  A lich (Depths:2)
  2 deep elf master archers (Elf:3)
  A fenstrider witch (Depths:2)
  Donald (Swamp:1)
  A thorn hunter (Swamp:1)
  Roxanne (Spider:3)
  A fire giant (Depths:1)
  3 ghost moths
  A frost giant (Depths:2)
  An orc warlord (Bailey)
  3 emperor scorpions
  4 deep elf sorcerers (Elf:3)
  3 deep elf elementalists (Elf:3)
  7 stone giants
  2 broodmothers (Spider:3)
  7 very ugly things (Depths:1)
  6 eleionomae
  10 deep elf annihilators
  2 vampire knights (Depths:2)
  5 deep elf demonologists (Elf:3)
  3 entropy weavers
  2 spark wasps (Spider:4)
  4 bunyips
  Snorg (D:13)
  Josephine (Lair:5)
  3 ettins
  7 deep elf death magi
  6 fire dragons
  A spriggan zombie (Depths:2)
  A deep elf high priest (Elf:3)
  3 rakshasas
  Erolcha (D:13)
  A vault guard (D:14)
  3 radroaches
  22 hydras
  16 boulder beetles
  4 ice dragons (Depths:1)
  A catoblepas (Lair:5)
  A ghost crab (Swamp:4)
  4 jorogumos
  3 two-headed ogres
  5 centaur warriors
  3 alligators
  7 death yaks (Lair:4)
  14 dancing weapons
  A tengu warrior (D:15)
  A deep troll earth mage (Depths:2)
  3 deep troll shamans
  A titan zombie (Depths:1)
  2 vampire magi
  A spriggan berserker (Swamp:3)
  9 deep elf knights
  2 iron trolls
  Amaemon (Lair:3)
  6 goliath frogs
  3 fire crabs (Swamp:4)
  A death drake (Swamp:4)
  10 deep trolls
  4 sun moths
  2 pharaoh ants
  7 steelbarb worms
  A storm dragon skeleton (Depths:2)
  6 orb spiders
  8 spriggan druids
  A sea snake (shapeshifter) (Elf:3)
  8 swamp dragons
  2 glowing orange brains
  12 deep elf archers
  Pikel (D:7)
  3 bog bodies
  4 orc knights
  16 deep elf pyromancers
  14 wolf spiders
  A fire giant zombie (Depths:1)
  14 orc sorcerers
  29 deep elf zephyrmancers
  5 necromancers
  4 cyclopes
  4 manticores
  27 ugly things
  A tengu skeleton (Depths:2)
  5 will-o-the-wisps
  A moth of wrath (Spider:1)
  4 oklob plants
  A frost giant zombie (Depths:1)
  A stone giant skeleton (Depths:1)
  A salamander (Depths:1)
  A molten gargoyle (Swamp:4)
  Joseph (D:9)
  6 elephants
  3 black mambas
  7 torpor snails
  13 cane toads
  2 gargoyles
  An orange demon (Lair:3)
  An unseen horror (D:12)
  Psyche (D:8)
  3 rime drakes
  11 demonic crawlers
  15 komodo dragons
  2 efreet
  11 polar bears
  9 tyrant leeches
  5 bloated husks
  2 wolf spider simulacra
  7 meliai
  A tarantella (shapeshifter) (Elf:1)
  6 trolls
  15 tarantellas
  4 hornets
  A raiju (Lair:5)
  10 slime creatures
  32 blink frogs
  12 dream sheep (Lair:5)
  14 jumping spiders
  Sigmund (D:5)
  15 culicivoras
  10 spriggans
  8 air elementals
  A culicivora (shapeshifter) (Elf:1)
  4 wyverns
  A vampire (D:11)
  A spriggan (shapeshifter) (Elf:2)
  6 wraiths
  6 water elementals
  5 fire elementals
  24 yaks
  3 steam dragons
  5 basilisks
  18 redbacks
  13 vampire mosquitoes
  15 wargs
  2 human zombies (Depths:1)
  An acid dragon (D:12)
  16 swamp worms
  18 water moccasins
  14 hell hounds (Lair:5)
  A glowing shapeshifter skeleton (Depths:2)
  A floating eye (Depths:2)
  11 swamp drakes
  2 ice beasts
  18 orc warriors
  12 black bears
  A sky beast (D:4)
  30 wolves
  5 boggarts (D:14)
  4 ogres
  9 centaurs
  2 lemures (D:6)
  10 bullfrogs
  4 scorpions
  2 earth elementals
  15 wights
  2 electric eels
  2 howler monkeys (D:10)
  11 orc priests
  4 hounds
  37 orc wizards
  Natasha (thrice) (D:4)
  An iguana (D:5)
  3 polar bear simulacra (D:13)
  3 wolf simulacra (D:13)
  3 yak simulacra (D:13)
  7 gnolls
  12 adders
  2 white imps
  6 worms
  A dart slug (D:1)
  91 orcs
  10 ball pythons
  9 endoplasms
  4 giant cockroaches
  6 goblins
  11 hobgoblins
  3 jackals (D:3)
  4 quokkas
  5 bats
  A frilled lizard (D:2)
  10 kobolds
  12 rats
  2 river rat simulacra (D:13)
1189 creatures vanquished.

Vanquished Creatures (others)
  A swamp dragon (Swamp:4)
  An unseen horror simulacrum (D:9)
  A steam dragon (Swamp:4)
  4 swamp drakes (Swamp:4)
  An orc wizard (Orc:2)
  A bush (Lair:2)
  6 foxfires
  56 fungi
  115 plants
  2 withered plants (Swamp:1)
188 creatures vanquished.

Grand Total: 1377 creatures vanquished

Notes
Turn   | Place    | Note
-------+----------+-------------------------------------------
     0 | D:1      | jur the Deep Elf Earth Elementalist began the quest for the
                  | Orb.
     0 | D:1      | Reached XP level 1. HP: 10/10 MP: 6/6
   355 | D:1      | Reached XP level 2. HP: 15/15 MP: 6/8
   414 | D:1      | Found a faded altar of an unknown god.
   858 | D:1      | Reached XP level 3. HP: 16/19 MP: 6/10
  1184 | D:2      | Reached skill level 4 in Spellcasting
  1290 | D:2      | Learned a level 2 spell: Passwall
  1294 | D:2      | Learned a level 3 spell: Stone Arrow
  2263 | D:3      | Reached XP level 4. HP: 24/24 MP: 10/12
  2308 | D:3      | Reached skill level 1 in Conjurations
  2997 | D:4      | Reached XP level 5. HP: 28/28 MP: 12/14
  3048 | D:4      | Reached skill level 5 in Spellcasting
  3074 | D:4      | Noticed a sky beast
  3386 | D:4      | Noticed Natasha
  3434 | D:4      | Killed Natasha
  3435 | D:4      | Reached XP level 6. HP: 31/32 MP: 12/16
  3608 | D:4      | Found an ornate altar of the Wu Jian Council.
  3634 | D:5      | Entered Level 5 of the Dungeon
  3653 | D:5      | Reached skill level 5 in Earth Magic
  3777 | D:5      | Found Liyn's Jewellery Shop.
  3800 | D:5      | Noticed an ice beast
  3849 | D:5      | Killed an ice beast
  3850 | D:5      | Reached skill level 6 in Spellcasting
  3850 | D:5      | Reached XP level 7. HP: 36/36 MP: 6/18
  3957 | D:5      | Noticed Sigmund
  4031 | D:5      | Found a staircase to the Ecumenical Temple.
  4037 | Temple   | Entered the Ecumenical Temple
  4093 | Temple   | Became a worshipper of Vehumet
  4253 | D:6      | Learned a level 4 spell: Petrify
  4259 | D:6      | Learned a level 5 spell: Fireball
  4384 | D:6      | Reached skill level 1 in Ranged Weapons
  4384 | D:6      | Reached skill level 7 in Spellcasting
  4406 | D:6      | Reached skill level 1 in Fire Magic
  4632 | D:6      | Identified the +6 glaive of the Rat {flame, Str+4}
  4648 | D:7      | Noticed Pikel
  4785 | D:6      | Found a transporter.
  4851 | D:6      | Identified a scroll of acquirement
  4851 | D:6      | Acquired 730 gold pieces
  4977 | D:5      | Reached XP level 8. HP: 37/41 MP: 10/20
  5488 | D:4      | Reached skill level 5 in Conjurations
  5568 | D:4      | Found a blossoming altar of Fedhas.
  5569 | D:4      | Noticed Natasha
  5572 | D:4      | Killed Natasha
  5573 | D:4      | Reached skill level 5 in Dodging
  5604 | D:4      | Noticed an oklob plant
  5679 | D:4      | Noticed Natasha
  5684 | D:4      | Killed Natasha
  6119 | D:6      | Found a transporter.
  6512 | D:7      | Reached skill level 8 in Spellcasting
  6817 | D:7      | Reached * piety under Vehumet
  6817 | D:7      | Offered knowledge of Freeze by Vehumet.
  6966 | D:8      | Reached XP level 9. HP: 45/45 MP: 15/23
  6982 | D:8      | Found a flagged portal.
  7027 | Bailey   | Entered a bailey
  9062 | Bailey   | Noticed an orc warlord
  9539 | Bailey   | Found a runed translucent gate.
  9539 | Bailey   | Found a runed translucent gate.
  9542 | Bailey   | Found a runed translucent gate.
  9735 | Bailey   | Killed an orc warlord
  9736 | Bailey   | Reached skill level 9 in Spellcasting
  9778 | Bailey   | Reached skill level 11 in Spellcasting
  9778 | Bailey   | Reached skill level 5 in Fire Magic
  9778 | Bailey   | Reached skill level 10 in Earth Magic
  9778 | Bailey   | Reached XP level 10. HP: 50/50 MP: 23/27
  9885 | D:8      | Noticed Psyche
  9892 | D:8      | Killed Psyche
 10126 | D:8      | Noticed a manticore
 10126 | D:8      | Noticed a manticore
 10127 | D:8      | Noticed a cyclops
 10151 | D:9      | Found a staircase to the Lair.
 10475 | D:9      | Noticed Joseph
 10479 | D:9      | Noticed a centaur warrior
 10480 | D:9      | Noticed a brown ugly thing
 10483 | D:9      | Noticed a deep elf pyromancer
 10484 | D:9      | Reached XP level 11. HP: 43/54 MP: 18/28
 10484 | D:9      | Noticed a two-headed ogre
 10488 | D:9      | Killed a two-headed ogre
 10489 | D:9      | Reached skill level 12 in Spellcasting
 10844 | D:8      | Noticed a skeletal warrior
 10847 | D:8      | Noticed a boulder beetle
 11146 | D:9      | Noticed a two-headed ogre
 11149 | D:9      | Killed a two-headed ogre
 11160 | D:9      | Noticed a rakshasa
 11162 | D:9      | Killed a brown ugly thing
 11444 | D:7      | Killed Pikel
 11644 | D:5      | Killed Sigmund
 11931 | D:5      | Bought the amulet of the Tarantula {Acrobat Fly Slay+3} for
                  | 775 gold pieces
 12075 | D:4      | Killed an oklob plant
 12797 | D:9      | Noticed a centaur warrior
 12801 | D:9      | Killed a centaur warrior
 12802 | D:9      | Reached skill level 10 in Conjurations
 13034 | D:9      | Noticed a deep elf pyromancer
 13037 | D:9      | Killed a deep elf pyromancer
 13376 | D:9      | Killed a centaur warrior
 13649 | D:9      | Killed a deep elf pyromancer
 13944 | D:9      | Offered knowledge of Shock by Vehumet.
 14420 | D:9      | Killed a rakshasa
 14421 | D:9      | Reached skill level 13 in Spellcasting
 14804 | D:9      | Killed Joseph
 15400 | D:9      | Found Nabu's Dragon-Slaying Spoils.
 15445 | D:10     | Entered Level 10 of the Dungeon
 15471 | D:10     | Reached XP level 12. HP: 59/59 MP: 27/31
 15490 | D:10     | Reached ** piety under Vehumet
 15634 | D:9      | Gained mutation: You have hidden genetic potential. [potion
                  | of mutation]
 15634 | D:9      | Gained mutation: Potions are less effective at restoring
                  | your health. [potion of mutation]
 15634 | D:9      | Gained mutation: You are clumsy. (Dex -2) [potion of
                  | mutation]
 15634 | D:9      | Lost mutation: You are clumsy. (Dex -2) [potion of
                  | mutation]
 15635 | D:9      | Lost mutation: You have hidden genetic potential. [potion
                  | of mutation]
 15635 | D:9      | Lost mutation: Potions are less effective at restoring your
                  | health. [potion of mutation]
 15635 | D:9      | Gained mutation: You are strong-willed. (Will+) [potion of
                  | mutation]
 15635 | D:9      | Gained mutation: You occasionally lose the ability to drink
                  | potions when taking damage. [potion of mutation]
 15635 | D:9      | Gained mutation: Your flesh is heat resistant. (rF+)
                  | [potion of mutation]
 15636 | D:9      | Lost mutation: You are strong-willed. (Will+) [potion of
                  | mutation]
 15636 | D:9      | Lost mutation: You occasionally lose the ability to drink
                  | potions when taking damage. [potion of mutation]
 15636 | D:9      | Gained mutation: Your system is resistant to poisons.
                  | (rPois) [potion of mutation]
 15636 | D:9      | Gained mutation: You expend magic power (3 MP) to
                  | strengthen your wands. [potion of mutation]
 15835 | D:10     | Found a sacrificial altar of Ru.
 16481 | D:10     | Found a snail-covered altar of Cheibriados.
 16891 | D:10     | Noticed an angel
 16892 | D:10     | Found a glowing silver altar of Zin.
 17573 | D:10     | Found a shimmering altar of Xom.
 17573 | D:10     | Found a hide-covered altar of Uskayaw.
 17586 | D:11     | Noticed a boulder beetle
 17975 | D:12     | Noticed a six-headed hydra
 17987 | D:12     | Killed a six-headed hydra
 18123 | D:12     | Offered knowledge of Mephitic Cloud by Vehumet.
 18771 | D:10     | Found a staircase to the Orcish Mines.
 18844 | D:10     | Reached skill level 14 in Spellcasting
 19849 | D:10     | Reached *** piety under Vehumet
 20095 | D:10     | Learned a level 6 spell: Starburst
 20099 | D:10     | Learned a level 3 spell: Mephitic Cloud
 20296 | Orc:1    | Entered Level 1 of the Orcish Mines
 20296 | Orc:1    | Noticed a two-headed ogre
 20476 | Orc:1    | Offered knowledge of Flame Wave by Vehumet.
 20476 | Orc:1    | Killed a two-headed ogre
 20657 | Orc:2    | Entered Level 2 of the Orcish Mines
 21279 | Orc:2    | Found a staircase to the Elven Halls.
 21351 | Orc:2    | Learned a level 4 spell: Flame Wave
 22149 | Orc:2    | Reached **** piety under Vehumet
 22413 | Orc:2    | Found Fapoorec's Weapon Boutique.
 22413 | Orc:2    | Found Hanej's Book Emporium.
 22912 | Orc:2    | Reached XP level 13. HP: 63/63 MP: 18/33
 23060 | Orc:2    | Found Aseok Futz's Jewellery Boutique.
 23060 | Orc:2    | Found Uvaeliub's Antique Weapon Emporium.
 23067 | Orc:2    | Offered knowledge of Yara's Violent Unravelling by Vehumet.
 23699 | Orc:1    | Reached ***** piety under Vehumet
 23913 | Orc:1    | Offered knowledge of Hailstorm by Vehumet.
 23961 | Orc:1    | You are sucked into a shaft and drop 1 floor!
 24000 | Orc:1    | Found Sotet's Weapon Shop.
 24076 | Orc:1    | Reached skill level 15 in Spellcasting
 24452 | Lair:1   | Entered Level 1 of the Lair of Beasts
 25845 | Lair:2   | Found a hole to the Spider Nest.
 25887 | Lair:2   | Reached skill level 10 in Fire Magic
 26636 | Lair:2   | Learned a level 4 spell: Hailstorm
 27206 | Lair:2   | Reached skill level 10 in Ranged Weapons
 29292 | Lair:2   | Found a runed translucent gate.
 29292 | Lair:2   | Found a runed translucent gate.
 29292 | Lair:2   | Found a runed translucent gate.
 29296 | Lair:2   | Noticed jur's ghost (journeyman DEEE)
 29802 | Lair:3   | Found a staircase to the Swamp.
 31351 | Lair:5   | Entered Level 5 of the Lair of Beasts
 31355 | Lair:5   | Reached XP level 14. HP: 68/68 MP: 22/35
 31356 | Lair:5   | Reached skill level 16 in Spellcasting
 32033 | Lair:4   | Found a staircase to the Slime Pits.
 32273 | Lair:5   | Reached skill level 10 in Dodging
 33787 | Lair:5   | Noticed Josephine
 34105 | Lair:5   | Offered knowledge of Lee's Rapid Deconstruction by Vehumet.
 34927 | Lair:5   | Killed Josephine
 36551 | Lair:5   | Learned a level 6 spell: Iron Shot
 37367 | Lair:5   | Learned a level 5 spell: Lee's Rapid Deconstruction
 38880 | Lair:5   | Reached skill level 17 in Spellcasting
 39569 | Lair:5   | Offered knowledge of Eringya's Noxious Bog by Vehumet.
 40660 | Lair:3   | Noticed Amaemon
 40664 | Lair:3   | Killed Amaemon
 40666 | Lair:3   | Reached XP level 15. HP: 72/72 MP: 22/38
 42226 | D:12     | Found a white marble altar of Elyvilon.
 43174 | D:13     | Noticed Snorg
 43179 | D:13     | Killed Snorg
 43801 | D:13     | Noticed Erolcha
 43803 | D:13     | Killed Erolcha
 46086 | D:14     | Found Cheibriados's Comfort Zone.
 46086 | D:14     | Found a snail-covered altar of Cheibriados.
 46087 | D:14     | Found a portal to a secret trove of treasure.
 46650 | D:14     | Found Jumaunn's Neck Hole.
 46659 | D:14     | Bought a scarf of repulsion for 180 gold pieces
 48995 | D:14     | Found a gate to the Vaults.
 49072 | D:14     | Reached skill level 18 in Spellcasting
 49574 | D:15     | Entered Level 15 of the Dungeon
 50181 | D:15     | Reached skill level 15 in Conjurations
 50213 | D:15     | Learned a level 8 spell: Lehudib's Crystal Spear
 53315 | D:15     | Found Tatet's Distillery.
 53323 | D:15     | Bought a potion of magic for 104 gold pieces
 55039 | D:15     | Found a staircase to the Depths.
 55378 | Swamp:1  | Entered Level 1 of the Swamp
 55620 | Spider:1 | Entered Level 1 of the Spider Nest
 56678 | Spider:1 | Reached XP level 16. HP: 76/76 MP: 27/40
 60079 | Spider:2 | Noticed Arachne
 60837 | Spider:2 | Killed Arachne
 63259 | Spider:2 | Reached skill level 19 in Spellcasting
 65255 | Spider:2 | Offered knowledge of Lightning Bolt by Vehumet.
 66610 | Spider:2 | Glimpsed the power of Zot.
 66633 | Spider:2 | Got the Compilation of Reformation
 67663 | Orc:2    | Bought a ring of see invisible for 150 gold pieces
 67712 | Elf:1    | Entered Level 1 of the Elven Halls
 68057 | Elf:1    | Found a radiant altar of Vehumet.
 68069 | Elf:1    | Reached skill level 15 in Earth Magic
 69745 | Elf:1    | Found a runed translucent door.
 69912 | Elf:1    | Noticed Ocaaf's ghost (adept DsIE)
 71667 | Elf:1    | Reached XP level 17. HP: 63/80 MP: 16/42
 71707 | Elf:1    | Paralysed by an air elemental for 1 turns
 72532 | Elf:2    | Noticed Zenata
 73337 | Elf:1    | Found Noriodgh's Book Shoppe.
 75135 | Spider:3 | Identified Roxanne's Textbook on the Geologist
 75135 | Spider:3 | Noticed Roxanne
 76382 | Spider:4 | Entered Level 4 of the Spider Nest
 76537 | Spider:4 | Reached skill level 20 in Spellcasting
 80077 | Spider:4 | Learned a level 8 spell: Ignition
 83010 | Spider:4 | Got a gossamer rune of Zot
 83735 | Spider:3 | Killed Roxanne
 84522 | Swamp:1  | Noticed Mlioglotl
 84526 | Swamp:1  | Killed Mlioglotl
 85465 | Swamp:1  | Found a runed translucent door.
 85465 | Swamp:1  | Noticed Taxman66's ghost (journeyman TrFi)
 85653 | Swamp:1  | Noticed Donald
 85656 | Swamp:1  | Offered knowledge of Freezing Cloud by Vehumet.
 85658 | Swamp:1  | Killed Donald
 88523 | Swamp:2  | Reached XP level 18. HP: 85/85 MP: 19/44
 90740 | Swamp:3  | Found a transporter.
 90771 | Swamp:4  | Entered Level 4 of the Swamp
 91327 | Swamp:4  | Noticed Nikola
 91519 | Swamp:3  | Found a transporter.
 91519 | Swamp:3  | Noticed manon's ghost (adept DsGl)
 91806 | Swamp:3  | Acquired the +3 Elemental Staff {rElec rF++ rC++ AC+5}
 91806 | Swamp:3  | Found the +3 Elemental Staff {rElec rF++ rC++ AC+5}
 92820 | Swamp:4  | Killed Nikola
 93144 | Swamp:4  | Reached skill level 21 in Spellcasting
 95186 | Swamp:4  | Got a decaying rune of Zot
 95944 | Swamp:2  | Offered knowledge of Conjure Ball Lightning by Vehumet.
 95947 | Swamp:2  | Reached skill level 15 in Fire Magic
 97396 | Elf:2    | Killed Zenata
 98568 | Elf:2    | Found a huge runed translucent gate.
 98568 | Elf:2    | Found a huge runed translucent gate.
 98568 | Elf:2    | Found a huge runed translucent gate.
 98568 | Elf:2    | Found a huge runed translucent gate.
 98571 | Elf:2    | Found a huge runed translucent gate.
 98616 | Elf:3    | Entered Level 3 of the Elven Halls
 98617 | Elf:3    | Identified the +0 dagger of Devotion {vorpal, rElec Str+4
                  | Int+3 Stlth-}
 99097 | Elf:2    | Found a radiant altar of Vehumet.
 99357 | Elf:3    | Found a stormy altar of Qazlal.
 99413 | Elf:3    | Found a flickering gateway to a bazaar.
 99451 | Elf:3    | Learned a level 9 spell: Shatter
 99944 | Elf:3    | Reached XP level 19. HP: 67/89 MP: 19/46
100586 | Elf:3    | Identified the +9 falchion "Jeomm" {drain, rC+ MP-9 Int+2}
101082 | Elf:3    | Identified the ring of Yfuh {Fire Dex+4}
101489 | D:14     | Bought the +3 hat of Pondering {ponderous, Will+ MP+10
                  | Int+5} for 457 gold pieces
101489 | D:14     | Found the +3 hat of Pondering {ponderous, Will+ MP+10
                  | Int+5}
101579 | Depths:1 | Entered Level 1 of the Depths
101706 | Depths:1 | Reached skill level 22 in Spellcasting
101901 | Depths:1 | Offered knowledge of Maxwell's Capacitive Coupling by
                  | Vehumet.
102933 | Depths:1 | Found Big Baal Hell's Store.
102938 | Depths:1 | Found a gateway to Hell.
103127 | Depths:1 | Found a basalt altar of Yredelemnul.
103590 | Depths:2 | Found a one-way gate leading to the halls of Pandemonium.
104104 | Depths:2 | Identified the +9 trident "Attuv" {protect, *Slow rF+ Will+
                  | Dex+5}
104628 | Depths:2 | Noticed a dread lich
104630 | Depths:2 | Killed a dread lich
104771 | Depths:3 | Paralysed by a floating eye for 4 turns
104774 | Depths:3 | Slain by a spriggan berserker

Illustrated notes

Levels and vault maps discovered:
D:1:      dpeg_arrival_connections, layout_basic,
          dreamdust_ecumenical_altar_statues
D:2:      cheibrodos_old_hovel, layout_basic
D:3:      layout_loops_cross, nicolae_wormholes
D:4:      layout_rooms, tgw_fedhas, pdpol_wu_jian_five_deadly_venoms,
          minmay_misc_feat_encased, uniq_natasha
D:5:      layout_cave_pools, minmay_temple_entry_enclosed_plants, serial_shops,
          nicolae_shop_competitors_out_of_business, uniq_sigmund
D:6:      gammafunk_cloud_chamber, layout_rooms
D:7:      layout_rooms, minmay_misc_feat_cross, uniq_pikel
D:8:      layout_loops_cross, enter_bailey_4, onia_ninara_dug_in_and_dangerous,
          uniq_psyche
D:9:      layout_basic, dpeg_oklobed_lair, nicolae_shop_dragon_depot,
          minivault_28, uniq_joseph
D:10:     layout_irregular_city, zin_angel, nicolae_ru_sacrificial_ziggurat,
          nicolae_overflow_hidden_temple, david_orc_5
D:11:     layout_roguey
D:12:     layout_loops_ring, elyvilon_altar_1
D:13:     layout_basic, eino_house_with_fridge, uniq_erolcha, uniq_snorg
D:14:     layout_cave_pools, david_vaults_5, grunt_decor_clamped, enter_trove_2,
          minmay_shop_chei, nicolae_shop_sticking_my_neck_out
D:15:     hangedman_depths_entry_civil_slaughter, layout_loops_ring,
          serial_shops, shop
Temple:   regret_index_temple_waves
Lair:1:   layout_loops_ring, beast_lair_carwin_9
Lair:2:   layout_roguey, spider_nest_entry_web_field, ebering_ghost_rock_garden,
          grunt_forest_large_clearing_hut
Lair:3:   layout_loops_ring, minmay_swamp_entry_eels, nzn_sisyphean_effort,
          serial_bayou_shore_b, uniq_amaemon
Lair:4:   layout_loops_ring, minmay_slime_entry_oklob_open, beast_lair_carwin_10
Lair:5:   hangedman_lair_caniforms_friends, layout_cave_shapes,
          lemuel_fruit_tree, uniq_josephine
Swamp:1:  layout_basic_swamp, gammafunk_ghost_grave, wheals_swamp_sinkhole,
          infiniplex_staircase_pool, uniq_donald, uniq_mlioglotl
Swamp:2:  layout_falls_marsh, nicolae_swamp_little_swirl
Swamp:3:  layout_basic_swamp, gammafunk_ghost_mausoleum,
          evilmike_swamp_ruin_rubble_2, swamp_pool5, nicolae_swamp_big_swirl
Swamp:4:  swamp_fiery, layout_basic_swamp, swamp_pool1,
          nzn_swamp_dancing_lights, uniq_nikola
Spider:1: layout_cave_pods
Spider:2: layout_spider_delve, hellmonk_watch_for_rolling_rocks, uniq_arachne
Spider:3: layout_spider_delve, nicolae_spider_circle_web,
          nicolae_spider_checkerboard, uniq_roxanne
Spider:4: hellmonk_spider_rune_bug_friends
Orc:1:    layout_diamond_mine, serial_shops, nicolae_lakefront_shop
Orc:2:    st_orc_town, layout_caves, portal_ice_cave_entry_pillars_2
Elf:1:    eino_elf_arrival_altar, layout_gridlike,
          hellmonk_ghost_happy_afterlife, serial_shops, nicolae_lakefront_shop,
          minivault_28
Elf:2:    elven_hall_of_blades_hangedman_alternative
          [nicolae_blade_entry_sentries_behind_glass], layout_loops_cross,
          lemuel_upstairs_altar, uniq_zenata
Elf:3:    grunt_elf_hall_asides, layout_gridlike, serial_shops, bzr_entry_water,
          nicolae_elf_altarnating, grunt_megastairs_4
Depths:1: layout_cave_pools, nicolae_hell_entry_big_baal_hell,
          lemuel_zombie_altar_yredelemnul
Depths:2: hellmonk_paralyzer, layout_gridlike, kennysheep_path_1, hell_entry,
          pan_entry
Depths:3: minmay_containers, layout_gridville, hellmouth_2, pan_entry,
          hangedman_abyss_or_decor_stabs, abyss_entry_flame_altar, uniq_mennas

Skill      XL: |  1  2  3  4  5  6  7  8  9 10 11 12 13 14 15 16 17 18 19 |
---------------+----------------------------------------------------------+-----
Dodging        | 3 4 5 6 7 8 9 10 11 12 13 14 | 14.8
Spellcasting   | 4 5 6 7 8 11 13 14 15 17 18 19 20 21 22 | 22.6
Earth Magic    | 4 5 6 7 10 11 12 13 14 15 16 17 18 | 18.3
Conjurations   | 1 2 3 4 6 9 10 11 13 14 15 16 17 18 19 | 19.2
Ranged Weapons | 1 3 6 8 9 10 11 12 13 14 | 14.4
Fire Magic     | 1 2 5 7 9 10 11 12 13 14 15 16 | 16.2
Stealth        | |  2.4
Transmutations | |  1.1

Action                   |  1- 3 |  4- 6 |  7- 9 | 10-12 | 13-15 | 16-18 | 19-21 || total
-------------------------+-------+-------+-------+-------+-------+-------+-------++-------
Melee: Unarmed           |     1 |       |       |       |       |       |       ||     1
 Fire: Sling             |     7 |    57 |    85 |   205 |   347 |   100 |       ||   801
 Cast: Sandblast         |    54 |    53 |    55 |    76 |    98 |     5 |       ||   341
       Stone Arrow       |       |    11 |    72 |   220 |   261 |     7 |       ||   571
       Petrify           |       |       |     1 |    15 |    29 |     1 |       ||    46
       Fireball          |       |       |       |    14 |   108 |   358 |    60 ||   540
       Starburst         |       |       |       |     6 |    26 |     3 |     2 ||    37
       Passwall          |       |       |       |     1 |       |     4 |       ||     5
       Flame Wave        |       |       |       |       |     9 |       |       ||     9
       Hailstorm         |       |       |       |       |    12 |       |       ||    12
       Iron Shot         |       |       |       |       |   137 |   278 |    63 ||   478
       Lee's Rapid Decon |       |       |       |       |    21 |    77 |    23 ||   121
       Lehudib's Crystal |       |       |       |       |       |    17 |     3 ||    20
       Ignition          |       |       |       |       |       |       |     3 ||     3
Evoke: Wand              |       |       |     2 |     4 |     3 |     6 |       ||    15
       Phial of floods   |       |       |       |       |     1 |       |       ||     1
  Use: Scroll            |       |     8 |     8 |    10 |    17 |    14 |     1 ||    58
       Potion            |       |       |     3 |     8 |     1 |     6 |       ||    18
Armor: Robe              |     2 |     3 |     2 |       |       |       |     7 ||    14
       Steam dragon scal |       |       |     6 |    24 |    83 |    46 |       ||   159
Dodge: Dodged            |     5 |    17 |    40 |    81 |   228 |   127 |     7 ||   505
       Repelled          |       |       |       |       |       |     7 |     2 ||     9

Table legend: (Time is in decaauts)
 A = Elapsed time spent in this place.
 B = Non-inter-level travel time spent in this place.
 C = Inter-level travel time spent in this place.
 D = Time resting spent in this place.
 E = Time spent auto-exploring this place.
 F = Levels seen in this place.
 G = Mean time per level.
                   A        B        C        D        E       F      G
               +--------+--------+--------+--------+--------+-----+--------+
         Total | 105169 |  99195 |   5974 |  70272 |  12325 |  38 | 2767.6 |
       Dungeon |  32972 |  30026 |   2946 |  17479 |   5979 |  15 | 2198.1 |
        Temple |    104 |     53 |     51 |      0 |     40 |   1 |  104.0 |
          Lair |  17907 |  17267 |    640 |  12469 |   2208 |   5 | 3581.4 |
         Swamp |  12166 |  11896 |    270 |   9517 |   1355 |   4 | 3041.5 |
   Spider Nest |  21902 |  20901 |   1001 |  17982 |    779 |   4 | 5475.5 |
  Orcish Mines |   4118 |   3723 |    395 |   2130 |    541 |   2 | 2059.0 |
   Elven Halls |  10269 |   9760 |    509 |   7095 |    809 |   3 | 3423.0 |
        Depths |   2947 |   2786 |    161 |   1347 |    613 |   3 |  982.3 |
        Bailey |   2780 |   2780 |      0 |   2250 |      0 |   1 | 2780.0 |
               +--------+--------+--------+--------+--------+-----+--------+

Top non-repeatable levels by time:
Spider:2: 7137 daAuts
Spider:4: 7027 daAuts
  Lair:5: 6390 daAuts
    D:15: 5555 daAuts
Spider:1: 5523 daAuts
   Elf:1: 5342 daAuts
    D:14: 4489 daAuts
 Swamp:4: 4059 daAuts
  Lair:2: 3934 daAuts
  Lair:4: 3811 daAuts
    D:10: 3802 daAuts
 Swamp:3: 3223 daAuts
   Orc:2: 3085 daAuts
 Swamp:2: 2945 daAuts
  Bailey: 2780 daAuts
